 Dungeon Crawl Stone Soup version 0.32-a0-685-g93135e86f0 (webtiles) character file.

Game seed: 9045803302176695948

2921 graki42 the Destroyer (level 9, -15/66 HPs)
             Began as a Gnoll Conjurer on Mar 12, 2024.
             Was a Believer of Sif Muna.
             Killed from afar by a steam dragon (20 damage)
             ... with a ball of steam
             ... on level 7 of the Dungeon.
             The game lasted 00:25:09 (7771 turns).

graki42 the Destroyer (Gnoll Conjurer)              Turns: 7771, Time: 00:25:14

Health: -15/66     AC:  2    Str:  6    XL:     9   Next: 79%
Magic:  1/28       EV: 14    Int: 29    God:    Sif Muna [**....]
Gold:   940        SH:  0    Dex: 10    Spells: 11/22 levels left

rFire   . . .        c - staff of alchemy
rCold   . . .        (no shield)
rNeg    . . .        a - +0 robe
rPois   +            (no helmet)
rElec   .            (no cloak)
rCorr   .            (no gloves)
SInv    .            (no boots)
Will    .....        (no amulet)
Stlth   +++          y - +6 ring of intelligence
HPRegen 0.31/turn    z - ring of magical power
MPRegen 0.21/turn

%: no passive effects
@: no status effects
A: fangs 1, strong nose, distributed training
a: Renounce Religion, Channel Magic


You were on level 7 of the Dungeon.
You worshipped Sif Muna.
Sif Muna was pleased with you.
You visited 2 branches of the dungeon, and saw 8 of its levels.
You also visited: Ossuary.

You collected 940 gold pieces.

Inventory:

Hand Weapons
 n - the +1 sling of a ziggurat {freeze, rF+ rC- Str+3 Int+3}
   (You found it on level 2 of the Dungeon)

   Str+3:     It affects your strength (+3).
   Int+3:     It affects your intelligence (+3).
   rF+:       It protects you from fire.
   rC-:       It makes you vulnerable to cold.
Missiles
 k - 3 atropa-tipped darts
Armour
 a - a +0 robe (worn)
 l - a +1 buckler
Magical Staves
 c - a staff of alchemy (weapon)
Jewellery
 s - a ring of fire
 x - a ring of fire
 y - a +6 ring of intelligence (left hand)
 z - a ring of magical power (right hand)
Wands
 b - a wand of polymorph (8)
 o - a wand of roots (19)
 p - a wand of flame (26)
 t - a wand of paralysis (10)
Scrolls
 g - a scroll of fear
 h - a scroll of teleportation
 i - a scroll of amnesia
 q - 2 scrolls of enchant armour
 v - a scroll of silence {unknown}
Potions
 d - 3 potions of berserk rage {unknown}
 e - 2 potions of attraction
 f - 4 potions of curing
 j - 3 potions of might
 m - a potion of haste
 r - 3 potions of mutation
 u - a potion of heal wounds


   Skills:
 + Level 4.7 Fighting
 + Level 4.7 Short Blades
 + Level 4.7 Long Blades
 + Level 4.7 Axes
 + Level 4.7 Maces & Flails
 + Level 4.7 Polearms
 + Level 4.7 Staves
 + Level 4.7 Ranged Weapons
 + Level 4.7 Throwing
 + Level 4.7 Armour
 + Level 6.7 Dodging
 + Level 6.4 Stealth
 + Level 4.7 Shields
 + Level 4.7 Unarmed Combat
 + Level 7.0 Spellcasting
 + Level 8.2 Conjurations
 + Level 3.9 Hexes
 + Level 3.9 Summonings
 + Level 3.9 Necromancy
 + Level 3.9 Translocations
 + Level 3.9 Fire Magic
 + Level 3.9 Ice Magic
 + Level 3.9 Air Magic
 + Level 3.9 Earth Magic
 + Level 3.9 Alchemy
 + Level 5.2 Invocations
 + Level 4.7 Evocations
 + Level 4.3 Shapeshifting


You had 11 spell levels left.
You knew the following spells:

 Your Spells              Type           Power      Damage    Failure   Level
a - Magic Dart            Conj           100%       1d8       1%          1
b - Searing Ray           Conj           100%       2d8       1%          2
c - Fulminant Prism       Conj/Alch      31%        3d15      4%          4
d - Iskenderun's Mystic   Conj/Tloc      45%        2d10      4%          4

Your spell library contained the following spells:

 Spells                   Type           Power      Damage    Failure   Level
 Freeze                   Ice            100%       1d10      1%          1
 Cigotuvi's Dreadful Rot  Necr/Alch/Air  98%        N/A       1%          2
 Hailstorm                Conj/Ice       45%        3d10      1%          3
 Call Canine Familiar     Summ           33%        N/A       3%          3
 Frozen Ramparts          Ice            66%        1d10      3%          3
 Sigil of Binding         Hex            33%        N/A       3%          3
 Dimensional Bullseye     Hex/Tloc       16%        N/A       10%         4
 Dispel Undead            Necr           33%        3d14      10%         4
 Martyr's Knell           Necr/Summ      33%        N/A       10%         4


Dungeon Overview and Level Annotations

Branches:
Dungeon (7/15)             Temple (1/1) D:4         Ossuary (visited)

Altars:
Ashenzari
Cheibriados
Dithmenos
Elyvilon
Gozag
Kikubaaqudgha
Nemelex Xobeh
Okawaru
Qazlal
Ru
Sif Muna
Trog
Uskayaw
Vehumet
Wu Jian
Xom
Yredelemnul
Zin
The Shining One


Innate Abilities, Weirdness & Mutations

You have very sharp teeth.
Your uncanny sense of smell can sniff out nearby items.
Your experience applies equally to all skills.


Message History

A steam dragon comes into view.
Casting: Searing Ray (safe; 1% risk of failure)
Confirm with . or Enter, or press ? or * to list all spells.
Restarting spell: Searing Ray (safe; 1% risk of failure)
Press: ? - help, Shift-Dir - straight line, f - steam dragon
Aim: a steam dragon (wandering, hasn't noticed you, 83% to hit)
The searing ray hits the steam dragon.
The steam dragon is lightly wounded. (Press . to maintain the ray.) Unknown command.
The searing ray hits the steam dragon.
The steam dragon is lightly wounded.
The searing ray hits the steam dragon!
The steam dragon is heavily wounded.
The steam dragon bites you! The steam dragon misses you.
The searing ray hits the steam dragon!
The steam dragon is severely wounded.
You finish channelling your searing ray.
The steam dragon breathes steam at you. The ball of steam hits you!
* * * LOW HITPOINT WARNING * * *
An orc comes into view. It is wielding a +0 club.
The orc shouts!
Casting: Searing Ray (safe; 1% risk of failure)
Confirm with . or Enter, or press ? or * to list all spells.
Aiming: Searing Ray (safe; 1% risk of failure)
Press: ? - help, Shift-Dir - straight line, f/p - steam dragon
Aim: a steam dragon (severely wounded, 83% to hit)
The searing ray hits the steam dragon.
The steam dragon is almost dead. (Press . to maintain the ray.)
The steam dragon breathes steam at you. The ball of steam misses you.
The searing ray hits the steam dragon.
The steam dragon is almost dead.
You are engulfed in a cloud of scalding steam.
* * * LOW HITPOINT WARNING * * *
The steam dragon breathes steam at you. The ball of steam hits you!!
You die...

#. #.# ## ..##.. ∆ #....
#. )..### . #)§). ##.
###o§# #..#### #..@§#
#.#....#. #...##D#
#........ #.# #.#
####....... ..###.####.###
......###.#
.f...........##.####.###..
....######.........>..##<.
. ##....##......#..
#..#.##........#
....##..#........#


You could see a steam dragon (catching breath) and an orc.

Vanquished Creatures
  Jeremiah (D:7)
  A wyvern (D:5)
  2 water moccasins (D:7)
  2 ice beasts
  2 black bears
  2 sky beasts (D:6)
  3 ogres
  A phantom (D:7)
  2 elf zombies (Ossuary)
  A bullfrog (D:5)
  2 scorpions
  5 killer bees (D:5)
  A centaur zombie (Ossuary)
  2 human zombies (Ossuary)
  3 hounds
  4 orc priests
  2 iguanas
  A gnoll bouda (D:6)
  3 orc wizards
  Terence (D:2)
  5 hound zombies (Ossuary)
  2 mummies (Ossuary)
  4 gnolls (D:6)
  7 adders
  3 white imps (D:5)
  4 ufetubi
  6 adder zombies (Ossuary)
  2 dart slugs
  2 ribbon worms
  24 orcs
  11 ball pythons
  5 bats
  7 endoplasms
  3 giant cockroaches
  6 gnoll zombies (Ossuary)
  8 goblins
  6 hobgoblins
  6 jackals
  2 kobolds
  4 quokkas
  5 frilled lizards
  6 jackal zombies (Ossuary)
  3 kobold zombies (Ossuary)
  5 orc zombies (Ossuary)
  7 rats
184 creatures vanquished.

Vanquished Creatures (others)
  2 fulminant prisms (D:7)
2 creatures vanquished.

Grand Total: 186 creatures vanquished

Notes
Turn   | Place    | Note
-------+----------+-------------------------------------------
     0 | D:1      | graki42 the Gnoll Conjurer began the quest for the Orb.
     0 | D:1      | Reached XP level 1. HP: 13/13 MP: 6/6
   112 | D:1      | Reached XP level 2. HP: 19/19 MP: 4/7
   115 | D:1      | Learned a level 2 spell: Searing Ray
   493 | D:1      | Reached skill level 5 in Spellcasting
   493 | D:1      | Reached XP level 3. HP: 25/25 MP: 1/9
   781 | D:1      | Reached skill level 1 in Invocations
  1275 | D:2      | Reached skill level 1 in Fighting
  1275 | D:2      | Reached skill level 1 in Short Blades
  1275 | D:2      | Reached skill level 1 in Long Blades
  1275 | D:2      | Reached skill level 1 in Axes
  1275 | D:2      | Reached skill level 1 in Maces & Flails
  1275 | D:2      | Reached skill level 1 in Polearms
  1275 | D:2      | Reached skill level 1 in Staves
  1275 | D:2      | Reached skill level 1 in Ranged Weapons
  1275 | D:2      | Reached skill level 1 in Throwing
  1275 | D:2      | Reached skill level 1 in Armour
  1275 | D:2      | Reached skill level 1 in Shields
  1275 | D:2      | Reached skill level 1 in Unarmed Combat
  1275 | D:2      | Reached skill level 1 in Evocations
  1495 | D:2      | Reached skill level 1 in Shapeshifting
  1495 | D:2      | Reached XP level 4. HP: 32/32 MP: 7/11
  1500 | D:2      | Learned a level 4 spell: Fulminant Prism
  1505 | D:2      | Learned a level 4 spell: Iskenderun's Mystic Blast
  1683 | D:2      | Noticed Terence
  1691 | D:2      | Killed Terence
  1692 | D:2      | Reached skill level 1 in Hexes
  1692 | D:2      | Reached skill level 1 in Summonings
  1692 | D:2      | Reached skill level 1 in Necromancy
  1692 | D:2      | Reached skill level 1 in Translocations
  1692 | D:2      | Reached skill level 1 in Fire Magic
  1692 | D:2      | Reached skill level 1 in Ice Magic
  1692 | D:2      | Reached skill level 1 in Air Magic
  1692 | D:2      | Reached skill level 1 in Earth Magic
  1692 | D:2      | Reached skill level 1 in Alchemy
  1850 | D:2      | Identified the +1 sling of a ziggurat {freeze, rF+ rC-
                  | Str+3 Int+3}
  2357 | D:3      | Reached XP level 5. HP: 37/37 MP: 8/12
  2436 | D:3      | Found an ornate altar of the Wu Jian Council.
  2796 | D:3      | Reached XP level 6. HP: 44/44 MP: 8/13
  3318 | D:4      | Found a staircase to the Ecumenical Temple.
  3327 | Temple   | Entered the Ecumenical Temple
  3352 | Temple   | Became a worshipper of Sif Muna the Loreminder
  3503 | D:4      | Reached skill level 5 in Dodging
  3586 | D:4      | Found a sacrificial altar of Ru.
  3818 | D:4      | Found a basalt altar of Yredelemnul.
  3895 | D:5      | Entered Level 5 of the Dungeon
  3909 | D:5      | Reached XP level 7. HP: 42/51 MP: 10/15
  3928 | D:5      | Reached skill level 5 in Stealth
  4193 | D:5      | Noticed a wyvern
  4201 | D:5      | Killed a wyvern
  4308 | D:5      | Reached XP level 8. HP: 58/58 MP: 10/16
  4923 | D:5      | Found a broken altar of Ashenzari.
  5190 | D:5      | Reached * piety under Sif Muna
  5232 | D:5      | Found an ancient bone altar of Kikubaaqudgha.
  5491 | D:5      | Found an iron altar of Okawaru.
  5653 | D:6      | Found a snail-covered altar of Cheibriados.
  6124 | D:6      | Reached XP level 9. HP: 43/65 MP: 18/18
  6880 | D:7      | Identified a scroll of acquirement
  6880 | D:7      | Acquired 708 gold pieces
  6893 | D:7      | Reached skill level 8 in Conjurations
  7035 | D:7      | Found a sand-covered staircase.
  7044 | Ossuary  | Entered an ossuary
  7155 | Ossuary  | Reached ** piety under Sif Muna
  7683 | D:7      | Noticed Jeremiah
  7691 | D:7      | Killed Jeremiah
  7692 | D:7      | Reached skill level 5 in Invocations
  7771 | D:7      | Killed from afar by a steam dragon

Illustrated notes

Levels and vault maps discovered:
D:1:      matt_arrival_refuge, layout_loops_ring, serial_forest,
          infiniplex_forest_straight_2, infiniplex_forest_straight_1,
          infiniplex_forest_lined_3_way, infiniplex_forest_lined_room_2,
          infiniplex_forest_clump_small, infiniplex_forest_side_room,
          infiniplex_forest_clump_medium, infiniplex_forest_clump_diagonal,
          infiniplex_forest_straight_4, infiniplex_forest_end_2
D:2:      layout_basic, uniq_terence
D:3:      layout_loops_ring, mainiacjoe_overflow_tiny_flanked, minmay_circle_x
D:4:      layout_basic, mainiacjoe_overflow_alcove_2, old_standard_altar,
          minmay_temple_entry_antechambers, ebering_dispersal_statue_hall
D:5:      layout_basic, kennysheep_mini, kennysheep_mini_moat,
          mainiacjoe_overflow_chevrons
D:6:      layout_loops_ring, nicolae_overflow_crystal_walls, grunt_ministairs_15
D:7:      layout_rooms, mainiacjoe_overflow_six_doors_small,
          chequers_ossuary_entry_cave, minmay_nine_imps, uniq_jeremiah
Temple:   nicolae_temple_godzebo

Skill      XL: |  1  2  3  4  5  6  7  8  9 |
---------------+----------------------------+-----
Spellcasting   | 5 6 7 |  7.0
Invocations    | 1 2 3 4 5 |  5.2
Fighting       | 1 2 3 4 |  4.7
Short Blades   | 1 2 3 4 |  4.7
Long Blades    | 1 2 3 4 |  4.7
Axes           | 1 2 3 4 |  4.7
Maces & Flails | 1 2 3 4 |  4.7
Polearms       | 1 2 3 4 |  4.7
Staves         | 1 2 3 4 |  4.7
Ranged Weapons | 1 2 3 4 |  4.7
Throwing       | 1 2 3 4 |  4.7
Armour         | 1 2 3 4 |  4.7
Shields        | 1 2 3 4 |  4.7
Unarmed Combat | 1 2 3 4 |  4.7
Evocations     | 1 2 3 4 |  4.7
Shapeshifting  | 1 2 3 4 |  4.3
Hexes          | 1 2 3 |  3.9
Summonings     | 1 2 3 |  3.9
Necromancy     | 1 2 3 |  3.9
Translocations | 1 2 3 |  3.9
Fire Magic     | 1 2 3 |  3.9
Ice Magic      | 1 2 3 |  3.9
Air Magic      | 1 2 3 |  3.9
Earth Magic    | 1 2 3 |  3.9
Alchemy        | 1 2 3 |  3.9
Dodging        | 5 6 |  6.7
Stealth        | 5 6 |  6.4
Conjurations   | 8 |  8.2

Action                     |  1- 3 |  4- 6 |  7- 9 || total
---------------------------+-------+-------+-------++-------
  Melee: Staff             |       |     9 |    32 ||    41
         Bite              |       |     1 |       ||     1
   Cast: Magic Dart        |    64 |    37 |    33 ||   134
         Searing Ray       |     1 |    19 |    60 ||    80
         Iskenderun's Myst |       |       |    13 ||    13
         Fulminant Prism   |       |       |     2 ||     2
  Evoke: Wand              |       |       |     5 ||     5
    Use: Scroll            |       |     4 |     7 ||    11
         Potion            |       |       |     5 ||     5
   Stab: Sleeping          |       |     1 |       ||     1
 Armour: Robe              |       |    16 |   107 ||   123
         Skin              |       |       |    39 ||    39
  Dodge: Dodged            |       |    24 |    90 ||   114

Table legend: (Time is in decaauts)
 A = Elapsed time spent in this place.
 B = Non-inter-level travel time spent in this place.
 C = Inter-level travel time spent in this place.
 D = Time resting spent in this place.
 E = Time spent auto-exploring this place.
 F = Levels seen in this place.
 G = Mean time per level.
                   A        B        C        D        E       F      G
               +--------+--------+--------+--------+--------+-----+--------+
         Total |   7769 |   7638 |    131 |    657 |   5857 |   9 |  863.2 |
       Dungeon |   7195 |   7089 |    106 |    502 |   5853 |   7 | 1027.9 |
        Temple |     50 |     25 |     25 |      0 |      0 |   1 |   50.0 |
       Ossuary |    523 |    523 |      0 |    155 |      4 |   1 |  523.0 |
               +--------+--------+--------+--------+--------+-----+--------+

Top non-repeatable levels by time:
     D:5: 1847 daAuts
     D:1: 1207 daAuts
     D:6: 1136 daAuts
     D:3: 1094 daAuts
     D:2: 943 daAuts
     D:4: 598 daAuts
 Ossuary: 523 daAuts
     D:7: 367 daAuts
  Temple: 50 daAuts
